 Dungeon Crawl Stone Soup version 0.29.0-4-gdea44cf6ec (webtiles) character file.

Game seed: 1060465595342847725

2 qw the Sneak (level 1, -4/14 HPs)
             Began as a Gargoyle Delver on Sept 10, 2022.
             Slain by an orc
             ... wielding a +0 trident
              (5 damage)
             ... on level 5 of the Dungeon.
             The game lasted 00:00:02 (27 turns).

qw the Sneak (Gargoyle Delver)                        Turns: 27, Time: 00:00:03

Health: -4/14      AC:  5    Str: 15    XL:     1   Next: 30%
Magic:  1/1        EV: 11    Int: 10    God:
Gold:   0          SH:  0    Dex: 11    Spells: 0/0 levels left

rFire   . . .      SeeInvis .   a - +0 hand axe
rCold   . . .      Faith    .   (no shield)
rNeg    + . .      Spirit   .   b - +0 leather armour
rPois   inf        Reflect  .   (no helmet)
rElec   +          Harm     .   (no cloak)
rCorr   .          Rampage  .   (no gloves)
Will    .....                   (no boots)
Stlth   +++.......              (no amulet)
HPRegen 0.04/turn               (no ring)
MPRegen 0.07/turn               (no ring)

@: no status effects
A: sickness immunity, AC +2, negative energy resistance 1, electricity
resistance, torment resistance 1, petrification resistance
a: no special abilities


You were on level 5 of the Dungeon.
You visited 1 branch of the dungeon, and saw 1 of its levels.


Innate Abilities, Weirdness & Mutations

You are immune to sickness and miasma.
Your stone body is resilient. (AC +2)
You are immune to poison.
You resist negative energy. (rN+)
You are resistant to electric shocks. (rElec)
You are resistant to unholy torment.
You are immune to petrification.


   Skills:
 - Level 3.2 Fighting
 + Level 2.0 Axes
 - Level 1.5 Dodging
 - Level 5.4 Stealth


You couldn't memorise any spells.
You didn't know any spells.
Your spell library was empty.

Inventory:

Hand Weapons
 a - a +0 hand axe (weapon)
Armour
 b - a +0 leather armour (worn)
Wands
 g - a wand of digging (3)
Scrolls
 c - a scroll of fog
 d - a scroll of magic mapping
 e - a scroll of fear
Potions
 f - a potion of haste

Dungeon Overview and Level Annotations

Branches:
Dungeon (5/15)
 Temple: D:4-7

Altars:
Elyvilon


Message History

Welcome, qw the Gargoyle Delver.
The heart of this dungeon contains the incredible artefact, the Orb of Zot.
Press ? for a list of commands and other information.
Found a stone staircase leading down.
Assign waypoint to what number? (0-9) Waypoint 2 assigned to D:5.
0 ||| PLANNING D:1-11
Found 3 stones.
An orc comes into view. It is wielding a +0 club.
The orc shouts!
A water moccasin comes into view.
15 ||| Stepping ~*~*~tactically~*~*~ (stealth).
An orc comes into view. It is wielding a +0 trident.
18 ||| Stepping ~*~*~tactically~*~*~ (stealth).
The orc hits you with a +0 club.
You closely miss the orc.
The water moccasin hisses angrily.
The orc shouts!
You hit the orc.
The orc is severely wounded.
You hear a shout!
The orc hits you with a +0 club.
You closely miss the orc.
The orc is severely wounded.
The orc hits you with a +0 club.
You completely miss the orc.
The orc is severely wounded.
The orc hits you with a +0 club.
An orc comes into view. It is wielding a +0 dagger.
You hit the orc.
You kill the orc!
The orc hits you from afar with a +0 trident.
Your Axes skill increases to level 2!
Found a white marble altar of Elyvilon.
The orc closely misses you.
You barely miss the orc. The orc hits you with a +0 trident.
You barely miss the orc. The orc hits you with a +0 trident.
You die...

~~~~..7 ~_~~...
~~~~..7 ~~~...7
.....7 .o..7
77o..77 77@....77
77.).....7 #
7...~~~...7 # #.
#..~~~~~...
#..#.###..~~7~~..#
#.........~~~~~...
..###.....~~~....
#.>#.......#.
#.##.......#


You could see 2 orcs.

Vanquished Creatures
  An orc (D:5)
1 creature vanquished.

Notes
Turn   | Place    | Note
-------+----------+-------------------------------------------
     0 | D:5      | qw the Gargoyle Delver began the quest for the Orb.
     0 | D:5      | Reached XP level 1. HP: 14/14 MP: 1/1
     0 | D:5      | 0 ||| qw: Version: 0.1-a-116-g5d60599
     0 | D:5      | 0 ||| qw: Game counter: 8642
     0 | D:5      | 0 ||| qw: Always use a shield: true
     0 | D:5      | 0 ||| qw: God list: Okawaru
     0 | D:5      | 0 ||| qw: Allow faded altars: false
     0 | D:5      | 0 ||| qw: Do Orc after D:15 true
     0 | D:5      | 0 ||| qw: Do second Lair branch before Depths: true
     0 | D:5      | 0 ||| qw: Lair rune preference: random
     0 | D:5      | 0 ||| qw: Plans: Normal
     0 | D:5      | 0 ||| PLANNING D:1-11
    14 | D:5      | Noticed a water moccasin
    15 | D:5      | 15 ||| Stepping ~*~*~tactically~*~*~ (stealth).
    18 | D:5      | 18 ||| Stepping ~*~*~tactically~*~*~ (stealth).
    25 | D:5      | Found a white marble altar of Elyvilon.
    26 | D:5      | HP: 1/14 [orc/+0 trident (3)]
    27 | D:5      | Slain by an orc

Levels and vault maps discovered:
D:5:      kennysheep_spiral_hall, layout_loops_ring, elyvilon_altar_3,
          zin_angel, nicolae_ru_path_of_blood, serial_shops, shop,
          dreamdust_wishing_well

Skill      XL: |  1 |
---------------+----+-----
Axes           | 2 |  2.0
Fighting       | |  3.2
Dodging        | |  1.5
Stealth        | |  5.4

Action                   || total
-------------------------++-------
Melee: Hand axe          ||     7
Dodge: Dodged            ||     1

Table legend:
 A = Non-vault XP
 B = Vault XP
 C = Vault XP percentage of total XP
 D = Non-vault monster count
 E = Vault monster count
 F = Vault count percentage of total count
                 A         B        C        D         E       F
            +---------+---------+-------+---------+---------+-------
      Total |       3 |       0 |   0.0 |       1 |       0 |   0.0
            +---------+---------+-------+---------+---------+-------
        D:5 |       3 |       0 |   0.0 |       1 |       0 |   0.0
            +---------+---------+-------+---------+---------+-------
